[ AOE2 MATCH · #459154372 ]
UnrankedPortuguese vs Slavs
Player's team · LOSS
[ REPLAY ANALYSIS · EXTRACTED FROM THE RECORDED GAME ]
Feudal
—
Castle
—
Imperial
—
| APM avg | 27.4 |
| APM peak | 45 |
| eAPM avg | 9.3 |
| Villagers / military | 14 / 0 |
Focus
⚔️ 18.6% · 🌾 81.4%
Feudal
—
Castle
—
Imperial
—
| APM avg | 71.1 |
| APM peak | 110 |
| eAPM avg | 12.4 |
| Villagers / military | 16 / 0 |
Focus
⚔️ 4.4% · 🌾 95.6%
Feudal
—
Castle
—
Imperial
—
| APM avg | 54.7 |
| APM peak | 133 |
| eAPM avg | 8.0 |
| Villagers / military | 23 / 0 |
Focus
⚔️ 0.0% · 🌾 100.0%
Feudal
—
Castle
—
Imperial
—
| APM avg | 15.3 |
| APM peak | 25 |
| eAPM avg | 9.9 |
| Villagers / military | 14 / 0 |
Focus
⚔️ 3.8% · 🌾 96.2%
Feudal
—
Castle
—
Imperial
—
| APM avg | 10.4 |
| APM peak | 22 |
| eAPM avg | 7.2 |
| Villagers / military | 15 / 0 |
Focus
⚔️ 0.0% · 🌾 100.0%
Feudal
—
Castle
—
Imperial
—
| APM avg | 26.0 |
| APM peak | 41 |
| eAPM avg | 8.8 |
| Villagers / military | 11 / 0 |
Focus
⚔️ 38.1% · 🌾 61.9%
Unknown (2550) ×5
Match map
Initial resources + every placement click. Lines = walls · curves = elevation contours. ◆ gold · ⬟ stone · ● berries · ✦ relic · ◌ wall gap
Inputs per minute
— JeyAy - - Pipi kiwi
Build order — JeyAy
15 actions detected in the replay
| 0:01 | Create | Villager (Male) ×4 |
| 0:03 | Build | House |
| 0:04 | Build | House |
| 1:35 | Create | Villager (Male) |
| 2:15 | Create | Villager (Male) |
| 2:40 | Create | Villager (Male) ×2 |
| 2:49 | Build | Lumber Camp |
| 3:35 | Create | Villager (Male) |
| 4:10 | Create | Villager (Male) ×3 |
| 4:15 | Build | Mill |
| 5:09 | Build | House |
| 5:15 | Research | Loom |
| 5:17 | Create | Villager (Male) |
| 5:17 | Create | Villager (Male) |
| 5:28 | Build | House |
Build order — Pipi kiwi
23 actions detected in the replay
| 0:06 | Build | House |
| 0:07 | Build | House |
| 0:09 | Create | Villager (Male) |
| 0:09 | Create | Villager (Male) |
| 0:09 | Create | Villager (Male) |
| 0:09 | Create | Villager (Male) |
| 1:45 | Create | Villager (Male) |
| 2:19 | Create | Villager (Male) |
| 3:14 | Create | Villager (Male) |
| 3:41 | Build | Lumber Camp |
| 3:49 | Create | Villager (Male) |
| 3:50 | Create | Villager (Male) |
| 3:50 | Create | Villager (Male) |
| 3:50 | Create | Villager (Male) |
| 3:50 | Create | Villager (Male) |
| 4:28 | Create | Villager (Male) |
| 4:28 | Create | Villager (Male) |
| 4:43 | Build | House |
| 5:20 | Create | Villager (Male) |
| 5:34 | Build | Palisade Gate |
| 5:46 | Build | Mill |
| 5:47 | Create | Villager (Male) |
| 6:08 | Build | House |
Build order — Hamurabi1
32 actions detected in the replay
| 0:06 | Build | House |
| 0:08 | Create | Villager (Male) |
| 0:08 | Create | Villager (Male) |
| 0:09 | Create | Villager (Male) |
| 0:09 | Create | Villager (Male) |
| 0:10 | Research | Loom |
| 0:10 | Research | Loom |
| 1:13 | Build | House |
| 1:47 | Create | Villager (Male) |
| 1:47 | Create | Villager (Male) |
| 1:55 | Build | House |
| 1:57 | Build | House |
| 2:01 | Build | House |
| 2:15 | Create | Villager (Male) |
| 2:15 | Create | Villager (Male) |
| 2:49 | Create | Villager (Male) |
| 2:49 | Create | Villager (Male) |
| 3:00 | Create | Villager (Male) |
| 3:35 | Build | Building 796 |
| 3:40 | Build | House |
| 3:48 | Create | Villager (Male) |
| 3:48 | Create | Villager (Male) |
| 3:49 | Create | Villager (Male) |
| 4:36 | Create | Villager (Male) |
| 4:37 | Create | Villager (Male) |
| 4:37 | Create | Villager (Male) |
| 4:56 | Create | Villager (Male) |
| 4:56 | Create | Villager (Male) |
| 4:56 | Create | Villager (Male) |
| 4:56 | Create | Villager (Male) |
| 5:15 | Create | Villager (Male) |
| 5:16 | Create | Villager (Male) |
Build order — FlyGuy
20 actions detected in the replay
| 0:03 | Create | Villager (Male) |
| 0:03 | Create | Villager (Male) |
| 0:04 | Create | Villager (Male) |
| 0:04 | Create | Villager (Male) |
| 0:06 | Build | House |
| 0:09 | Build | House |
| 0:46 | Create | Villager (Male) |
| 0:46 | Create | Villager (Male) |
| 1:29 | Build | Lumber Camp |
| 1:34 | Create | Villager (Male) |
| 2:09 | Create | Villager (Male) |
| 2:33 | Create | Villager (Male) |
| 3:04 | Create | Villager (Male) |
| 3:37 | Create | Villager (Male) |
| 3:46 | Build | House |
| 4:18 | Create | Villager (Male) |
| 4:52 | Build | Mill |
| 5:18 | Create | Villager (Male) |
| 5:32 | Build | House |
| 5:36 | Create | Villager (Male) |
Build order — xixixixixi
17 actions detected in the replay
| 0:03 | Build | House |
| 0:05 | Build | House |
| 0:06 | Create | Villager (Male) ×5 |
| 1:17 | Create | Villager (Male) |
| 1:36 | Create | Villager (Male) |
| 2:09 | Create | Villager (Male) |
| 2:09 | Create | Villager (Male) |
| 2:52 | Create | Villager (Male) |
| 2:53 | Create | Villager (Male) |
| 3:06 | Build | Lumber Camp |
| 3:15 | Create | Villager (Male) |
| 3:32 | Build | House |
| 3:38 | Build | House |
| 3:43 | Create | Villager (Male) |
| 4:02 | Create | Villager (Male) |
| 4:32 | Create | Villager (Male) |
| 4:45 | Build | Mill |
Build order — JJ23
20 actions detected in the replay
| 0:04 | Build | House |
| 0:11 | Build | Barracks |
| 0:15 | Create | Villager (Male) |
| 0:15 | Create | Villager (Male) |
| 0:16 | Create | Villager (Male) |
| 0:33 | Build | House |
| 0:55 | Create | Villager (Male) |
| 1:14 | Create | Unit 2550 |
| 1:36 | Create | Villager (Male) |
| 2:10 | Create | Villager (Male) |
| 2:48 | Create | Villager (Male) |
| 2:49 | Create | Unit 2550 |
| 3:22 | Create | Villager (Male) |
| 3:44 | Create | Unit 2550 |
| 3:56 | Create | Villager (Male) |
| 4:25 | Create | Villager (Male) |
| 4:52 | Build | House |
| 5:23 | Create | Villager (Male) |
| 5:26 | Create | Unit 2550 |
| 5:26 | Create | Unit 2550 |
Match timeline
| 0:11 | JJ23 · first_building Barracks |
| 5:48 | xixixixixi · resign |
[ AI ANALYSIS · 1 CREDIT ]
What really happened in this match?
Wolo.gg analyzes every decision: build order, eco, micro, common mistakes by bracket. Personalized analysis on WhatsApp or Discord in 30 seconds.
Civ guide
Portuguese
Perfil
Jugador #2633608